 Dungeon Crawl Stone Soup version 0.28-a0-1555-g9ae15a6949 (webtiles) character file.

Game seed: 14965469942708734715

352 ytrimaz the Chopper (level 6, -11/72 HPs)
             Began as a Demonspawn Berserker on Jan 18, 2022.
             Was a Believer of Trog.
             Killed by divine providence
             ... invoked by an orc priest
              (17 damage)
             ... on level 4 of the Dungeon.
             The game lasted 00:02:28 (2995 turns).

ytrimaz the Chopper (Demonspawn Berserker)          Turns: 2995, Time: 00:02:29

Health: -11/72     AC:  3    Str: 19    XL:     6   Next: 34%
Magic:  6/6        EV: 13    Int:  9    God:    Trog [**....]
Gold:   176        SH:  6    Dex: 12    Spells: 5/5 levels left

rFire   . . .      SeeInvis .   a - +0 hand axe
rCold   . . .      Faith    .   (no shield)
rNeg    . . .      Spirit   .   b - +1 animal skin
rPois   .          Reflect  .   (no helmet)
rElec   .          Harm     .   (no cloak)
rCorr   .          Rampage  .   (no gloves)
Will    .....                   (no boots)
Stlth   ..........              (no amulet)
HPRegen 0.22/turn               (no ring)
MPRegen 0.10/turn               (no ring)

@: berserking, very quick
A: large bone plates 2, ignite blood 1, weakness stinger 1
a: Renounce Religion, Berserk, Trog's Hand


You were on level 4 of the Dungeon.
You worshipped Trog.
Trog was pleased with you.
You visited 1 branch of the dungeon, and saw 5 of its levels.

You collected 176 gold pieces.

Inventory:

Hand Weapons
 a - a +0 hand axe (weapon)
Armour
 b - a +1 animal skin (worn)
Scrolls
 f - a scroll of torment {unknown}
 i - a scroll of blinking
Potions
 c - a potion of lignification
 d - a potion of cancellation {unknown}
 e - a potion of invisibility {unknown}
 g - a potion of attraction {unknown}
 h - a potion of heal wounds {unknown}


   Skills:
 + Level 4.0 Fighting
 + Level 4.7 Axes
 - Level 1.7 Armour
 * Level 3.9 Dodging
 + Level 0.8 Shields


You had 5 spell levels left.
You didn't know any spells.
Your spell library was empty.

Dungeon Overview and Level Annotations

Branches:
Dungeon (5/15)             Temple (0/1) D:5

Altars:


Innate Abilities, Weirdness & Mutations

You are mostly covered in large bone plates. (SH +6)
Your demonic aura sometimes causes spilled blood to erupt in flames.
You have a small tail.


Message History

The orc hits you with a +0 whip.
The orc wizard mumbles some strange words.
The orc wizard flickers and vanishes!
Deactivating autopickup; reactivate with Ctrl-A.
You see here a +0 hand axe.
Unknown command.
You miss something.
Your tail-slap misses something.
You hit the orc priest but do no damage.
You barely miss the orc. The orc hits you with a +0 whip.
The orc priest hits you with a +0 club. Something hits you but does no damage.
Unknown command.
Unknown command.
You hit the orc priest but do no damage.
You hit the orc. You miss something. The orc priest hits you with a +0 club.
The orc hits you but does no damage. Something hits you but does no damage.
You hit the orc priest but do no damage.
You hit the orc. You miss something. You block the orc's attack.
The orc priest hits you with a +0 club.
* * * LOW HITPOINT WARNING * * *
You hear some strange, mumbled words.
A magic dart appears from out of thin air!
The magic dart hits you.
* * * LOW HITPOINT WARNING * * *
You block the orc priest's attack. The orc barely misses you.
Something hits you.
* * * LOW HITPOINT WARNING * * *
You hit the orc priest. You tail-slap the orc priest.
The orc priest is severely wounded.
You hit the orc.
You kill the orc!
Trog accepts your kill.
You miss something. The orc priest barely misses you. Something hits you.
* * * LOW HITPOINT WARNING * * *
Unknown command.
A red film seems to cover your vision as you go berserk!
You feel yourself moving faster!
You feel mighty! Something hits you.
* * * LOW HITPOINT WARNING * * *
The orc priest mumbles some strange prayers to Beogh against you.
Beogh smites you!
You die...

###### ....# ≈≈.# ######
#≈.# #..... # +.)#
#..... #.≈#+#≈@####
#..... #.≈≈.≈≈o{..#
#....> #..........#
#.....
#..........########.....
#####.#...?......##.....
#..###.......##..... ##.
#.......#......
#...............)..
#####........####..


You could see an orc priest.

Vanquished Creatures
  A black bear (D:5)
  An ogre (D:5)
  A centaur zombie (D:5)
  An orc priest (D:4)
  Terence (D:2)
  3 gnolls (D:2)
  2 worms (D:2)
  3 dart slugs
  An orc (D:4)
  6 endoplasms
  A giant cockroach (D:1)
  7 goblins
  4 hobgoblins
  4 kobolds (D:1)
  2 quokkas
  2 ball pythons (D:3)
  5 bats
  3 frilled lizards
  5 rats
53 creatures vanquished.

Notes
Turn   | Place    | Note
-------+----------+-------------------------------------------
     0 | D:1      | ytrimaz the Demonspawn Berserker began the quest for the
                  | Orb.
     0 | D:1      | Reached XP level 1. HP: 18/18 MP: 1/1
   154 | D:1      | Gained mutation: Your demonic aura sometimes causes spilled
                  | blood to erupt in flames. [demonic ancestry]
   154 | D:1      | Reached XP level 2. HP: 23/24 MP: 2/2
   217 | D:1      | Noticed a great orb of eyes
   222 | D:1      | Found a faded altar of an unknown god.
   226 | D:1      | Noticed a golden eye
   227 | D:1      | Noticed an eye of devastation
   227 | D:1      | Noticed a floating eye
   858 | D:2      | Reached XP level 3. HP: 26/29 MP: 3/3
   858 | D:2      | Reached ** piety under Trog
  1506 | D:2      | Noticed Terence
  1511 | D:2      | Killed Terence
  1515 | D:2      | Gained mutation: You are partially covered in large bone
                  | plates. (SH +4) [demonic ancestry]
  1515 | D:2      | Reached XP level 4. HP: 35/35 MP: 4/4
  2571 | D:3      | You fall into a shaft and drop 2 floors!
  2571 | D:5      | Entered Level 5 of the Dungeon
  2581 | D:5      | Gained mutation: You have a small tail. [demonic ancestry]
  2581 | D:5      | Reached XP level 5. HP: 23/42 MP: 5/5
  2757 | D:5      | Noticed a black bear
  2759 | D:5      | Noticed an ogre
  2769 | D:5      | Killed an ogre
  2771 | D:5      | Killed a black bear
  2772 | D:5      | Gained mutation: You are mostly covered in large bone
                  | plates. (SH +6) [demonic ancestry]
  2772 | D:5      | Reached XP level 6. HP: 34/48 MP: 6/6
  2784 | D:5      | Found a staircase to the Ecumenical Temple.
  2995 | D:4      | Killed from afar by an orc priest

Illustrated notes

Levels and vault maps discovered:
D:1:      dpeg_arrival_rhombi, layout_loops_ring,
          hellmonk_ecumenical_altar_watching_god, minmay_pentomino_p2
D:2:      layout_basic, uniq_terence
D:3:      layout_rooms, gammafunk_ghost_grave
D:4:      layout_rooms, serial_shops, kennysheep_mini_moat, enter_ossuary_3,
          uniq_duvessa
D:5:      layout_basic, mainiacjoe_overflow_catch_the_wave,
          minmay_temple_entry_arrows

Skill      XL: |  1  2  3  4  5 |
---------------+----------------+-----
Axes           | 3 4 |  4.7
Dodging        | 2 3 |  3.9
Fighting       | 4 |  4.0
Armour         | |  1.7
Shields        | |  0.8

Action                   |  1- 3 |  4- 6 || total
-------------------------+-------+-------++-------
Melee: Hand axe          |    71 |    91 ||   162
       Punch             |     1 |       ||     1
       Tailslap          |       |     3 ||     3
Invok: Berserk           |     1 |     2 ||     3
       Trog's Hand       |       |     1 ||     1
  Use: Scroll            |       |     5 ||     5
 Stab: Sleeping          |     1 |       ||     1
Armor: Animal skin       |    12 |    22 ||    34
Dodge: Dodged            |    58 |    62 ||   120
Block: Other             |       |    29 ||    29

Table legend: (Time is in decaauts)
 A = Elapsed time spent in this place.
 B = Non-inter-level travel time spent in this place.
 C = Inter-level travel time spent in this place.
 D = Time resting spent in this place.
 E = Time spent auto-exploring this place.
 F = Levels seen in this place.
 G = Mean time per level.
                   A        B        C        D        E       F      G
               +--------+--------+--------+--------+--------+-----+--------+
         Total |   3032 |   3002 |     30 |     10 |   2571 |   5 |  606.4 |
       Dungeon |   3032 |   3002 |     30 |     10 |   2571 |   5 |  606.4 |
               +--------+--------+--------+--------+--------+-----+--------+

Top non-repeatable levels by time:
     D:2: 1544 daAuts
     D:1: 838 daAuts
     D:5: 343 daAuts
     D:3: 217 daAuts
     D:4: 87 daAuts
